 Dungeon Crawl Stone Soup version 0.25-a0-105-g2289b3b9f1 (webtiles) character file.

Game seed: 16071464974403073961, levelgen mode: deterministic

60685 Gumption the Unseen (level 14, -1/72 HPs)
             Began as a Spriggan Enchanter on Nov 15, 2019.
             Was an Initiate of Gozag.
             Slain by a spriggan rider
             ... wielding a +0 spear
              (22 damage)
             ... on level 6 of the Lair of Beasts on Nov 16, 2019.
             The game lasted 04:38:34 (32652 turns).

Gumption the Unseen (Spriggan Enchanter)           Turns: 32652, Time: 04:38:35

Health: -1/72      AC:  7    Str:  4    XL:     14   Next: 57%
Magic:  8/31       EV: 27    Int: 20    God:    Gozag
Gold:   5698       SH: 10    Dex: 14    Spells: 25/37 levels left

rFire    + . .     SeeInvis +   a - +5 quick blade
rCold    . . .     Gourm    .   C - +3 buckler {reflect}
rNeg     . . .     Faith    .   J - +2 robe {MR+}
rPois    +         Spirit   .   (helmet restricted)
rElec    .         Reflect  +   W - +2 cloak "Huuz Xyd" {rPois Dex-4 Stlth+}
rCorr    .         Harm     .   (gloves unavailable)
MR       ++++.                  (boots unavailable)
Stlth    +++++++...             o - amulet of rage
HPRegen  0.22/turn              f - +2 ring of slaying
MPRegen  0.22/turn              R - ring of False Pretenses {rF+ MR+ Slay+2}

@: studying Crossbows, very quick
A: very small, unfitting armour, see invisible, herbivore, speed 3, slow
metabolism 2
a: Potion Petition, Call Merchant, Bribe Branch, Renounce Religion, Evoke
Berserk Rage


You were on level 6 of the Lair of Beasts.
You worshipped Gozag.
Gozag was greatly pleased with you.
You were hungry.

You visited 3 branches of the dungeon, and saw 18 of its levels.
You also visited: Bailey.

You collected 5739 gold pieces.
You paid 41 gold pieces to Gozag.

Inventory:

Hand Weapons
 a - a +5 quick blade (weapon)
 b - a +3 dagger of electrocution
 T - a +0 demon whip
Missiles
 g - 42 poisoned darts (quivered)
 k - 10 boomerangs
 D - 5 throwing nets
 V - 6 curare-tipped darts
Armour
 C - a +3 buckler of reflection (worn)
 J - a +2 robe of magic resistance (worn)
 O - a +2 robe of fire resistance
 W - the +2 cloak "Huuz Xyd" (worn) {rPois Dex-4 Stlth+}
   (You found it on level 5 of the Lair of Beasts)

   It affects your dexterity (-4).
   It protects you from poison.
   It makes you more stealthy.
Magical Staves
 A - an uncursed staff of summoning
 G - an uncursed staff of earth
Jewellery
 f - a +2 ring of slaying (left hand)
 i - an uncursed ring of ice
 o - an amulet of rage (around neck)
 y - an uncursed ring of stealth
 R - the ring of False Pretenses (right hand) {rF+ MR+ Slay+2}
   (You found it on level 2 of the Lair of Beasts)

   [ring of protection from magic]

   It affects your accuracy and damage with ranged weapons and melee attacks
   (+2).
   It protects you from fire.
   It affects your resistance to hostile enchantments.
Wands
 p - a wand of iceblast (11)
 v - a wand of paralysis (10)
 z - a wand of flame (14)
 F - a wand of acid (7)
 L - a wand of random effects (37)
Scrolls
 c - 4 scrolls of remove curse
 n - 4 scrolls of identify
 r - a scroll of fog
 s - 3 scrolls of blinking
 u - a scroll of magic mapping
 x - 2 scrolls of immolation
 B - 7 scrolls of teleportation
 E - a scroll of fear
 K - a scroll of vulnerability
Potions
 d - 6 potions of brilliance
 h - 5 potions of heal wounds
 j - a potion of mutation
 l - 11 potions of curing
 m - 2 potions of cancellation {unknown}
 q - 2 potions of agility
 t - 3 potions of haste
 w - 4 potions of might
 H - 2 potions of magic
 I - 2 potions of flight
 N - a potion of resistance
 Q - 2 potions of lignification
 U - a potion of berserk rage
Books
 P - a manual of Crossbows
Miscellaneous
 M - a phantom mirror
 S - a box of beasts
Comestibles
 e - 32 rations


   Skills:
 + Level 7.5 Fighting
 - Level 9.0 Short Blades
 + Level 12.7 Dodging
 + Level 15.6 Stealth
 - Level 7.2 Shields
 + Level 12.2 Spellcasting
 + Level 12.7 Hexes
 - Level 6.0 Translocations
 - Level 3.0 Ice Magic
 + Level 1.1 Evocations


You had 25 spell levels left.
You knew the following spells:

 Your Spells              Type           Power        Failure   Level  Hunger
a - Ensorcelled Hibernat  Hex/Ice        #####.       1%          2    None
b - Apportation           Tloc           #####.       1%          1    None
c - Confuse               Hex            ######..     1%          3    None
d - Tukima's Dance        Hex            ######..     1%          3    None
e - Dazzling Spray        Conj/Hex       #####.       1%          3    None

Your spell library contained the following spells:

 Spells                   Type           Power        Failure   Level  Hunger
 Confusing Touch          Hex            ######       1%          1    None
 Corona                   Hex            ######.      1%          1    None
 Leda's Liquefaction      Hex/Erth       #####.....   4%          4    #......
 Animate Skeleton         Necr           N/A          5%          1    None
 Summon Small Mammal      Summ           ##..         5%          1    None
 Bolt of Magma            Conj/Fire/Erth ##........   83%         5    ####...
 Iron Shot                Conj/Erth      ##........   100%        6    ######.
 Statue Form              Tmut/Erth      ##.......    100%        6    ######.
 Shatter                  Erth           ##........   100%        9    #######


Dungeon Overview and Level Annotations

Branches:
Dungeon (11/15)            Temple (1/1) D:7            Lair (6/6) D:9
 Shoals (0/4) Lair:4        Snake (0/4) Lair:2        Slime (0/5) Lair:6
    Orc (0/2) D:10         Bailey (visited)

Altars:
Ashenzari
Cheibriados
Dithmenos
Elyvilon
Fedhas
Gozag
Hepliaklqana
Kikubaaqudgha
Makhleb
Nemelex Xobeh
Okawaru
Qazlal
Ru
Sif Muna
Trog
Uskayaw
Vehumet
Wu Jian
Xom
Yredelemnul
Zin
The Shining One

Annotations:
D:8 2 transporters, iamserjio's ghost, novice OpEE


Innate Abilities, Weirdness & Mutations

You are very small and have problems with some larger weapons.
You are too small for most types of armour.
You have supernaturally acute eyesight. (SInv)
You are a herbivore.
You cover ground extremely quickly.
You need to consume almost no food.


Message History

Aim: a spriggan rider, wielding a +0 spear (chance to defeat MR: 9%)
The spriggan rider resists with almost no effort.
The spriggan rider hits you but does no damage.
Casting: Ensorcelled Hibernation (safe; 1% risk of failure)
Confirm with . or Enter, or press ? or * to list all spells.
Aiming: Ensorcelled Hibernation (safe; 1% risk of failure)
Press: ? - help, Shift-Dir - straight line, f/p - spriggan rider
Aim: a spriggan rider, wielding a +0 spear (chance to defeat MR: 9%)
The spriggan rider resists with almost no effort.
The spriggan rider hits you from afar with a +0 spear!
* * * LOW HITPOINT WARNING * * *
Casting: Ensorcelled Hibernation (safe; 1% risk of failure)
Confirm with . or Enter, or press ? or * to list all spells.
Aiming: Ensorcelled Hibernation (safe; 1% risk of failure)
Press: ? - help, Shift-Dir - straight line, f/p - spriggan rider
Aim: a spriggan rider, wielding a +0 spear (chance to defeat MR: 9%)
The spriggan rider resists with almost no effort.
The spriggan rider hits you from afar with a +0 spear!!
You die...
Your body crumbles into a pile of gold.

,,#.,,,,,*##..#.......##..P.#
..##...*,,#...####....#.....#
.#.##.######...###...###..###
..#.......#....#.##..###...#
........<..................#
...........................#
...........................#
..........................###
..............i.@..........P#
.....##...##...............##
..#.########...#.#..#.##...#
......#...##P..##.######...#
..........##...####..#.....#
...#........[...#..........#
..........###...........P.##
...###.PP#.#....#.....###.#
....##...##.#..###.#####..##


You could see a spriggan rider.

Vanquished Creatures
  An orc warlord (Bailey)
  Josephine (D:11)
  Harold (D:7)
  5 hydras
  A catoblepas (Lair:6)
  A two-headed ogre (D:9)
  Nergalle (Lair:3)
  Sonja (Lair:4)
  3 orc knights (Bailey)
  Pikel (D:5)
  An ugly thing (D:11)
  7 elephants
  2 centaur zombies (D:11)
  7 black mambas
  A torpor snail (Lair:5)
  9 spiny frogs
  6 komodo dragons
  A rime drake (Lair:5)
  A troll (D:10)
  2 hornets (Lair:6)
  6 polar bears
  8 blink frogs
  14 dream sheep
  11 hippogriffs
  7 spriggans (Lair:6)
  32 yaks
  3 wraiths (D:11)
  3 basilisks
  10 wyverns (Lair:4)
  Menkaure (D:7)
  Edmund (D:5)
  An acid dragon (D:10)
  10 water moccasins
  6 porcupines
  18 orc warriors
  An ice beast (D:8)
  A necrophage (D:10)
  5 black bears
  3 ogres
  2 boggarts (Lair:6)
  2 sky beasts
  22 wolves
  6 centaurs
  15 crocodiles
  A gnoll sergeant (D:5)
  16 bullfrogs
  A wyvern skeleton (D:6)
  5 scorpions
  17 killer bees
  2 electric eels (D:10)
  5 howler monkeys
  5 crimson imps
  2 quasits
  A bullfrog zombie (D:9)
  2 bullfrog skeletons (D:9)
  3 jellies
  Crazy Yiuf (D:5)
  10 orc priests
  5 hounds
  Jessica (D:2)
  Ijyb (D:3)
  Terence (D:2)
  5 iguanas
  16 orc wizards
  Natasha (thrice) (D:4)
  6 worker ants
  A hound zombie (D:9)
  A hound skeleton (D:7)
  Robin (D:3)
  19 gnolls
  2 worker ant zombies
  2 howler monkey skeletons
  12 adders
  A shadow imp (D:8)
  6 oozes
  An adder skeleton (D:8)
  6 worms
  A dart slug (D:4)
  11 leopard geckos
  72 orcs
  7 bats (D:1)
  9 giant cockroaches
  31 goblins
  20 hobgoblins
  18 jackals
  7 kobolds
  4 quokkas
  A ball python skeleton (D:4)
  A frilled lizard (D:2)
  2 jackal skeletons (D:4)
  A quokka zombie (D:5)
  11 rats
598 creatures vanquished.

Vanquished Creatures (collateral kills)
  A spriggan (Lair:6)
  A gnoll (Bailey)
  2 orcs
  4 goblins (Bailey)
8 creatures vanquished.

Vanquished Creatures (others)
  A dancing weapon (D:5)
  A yak (Lair:6)
  A crocodile (Lair:6)
  19 fungi
  11 plants
33 creatures vanquished.

Grand Total: 639 creatures vanquished

Notes
Turn   | Place    | Note
-------+----------+-------------------------------------------
     0 | D:1      | Gumption the Spriggan Enchanter began the quest for the
                  | Orb.
     0 | D:1      | Reached XP level 1. HP: 9/9 MP: 5/5
   520 | D:1      | Reached XP level 2. HP: 13/13 MP: 4/6
   531 | D:1      | Learned a level 2 spell: Ensorcelled Hibernation
  1174 | D:1      | Reached XP level 3. HP: 14/16 MP: 3/8
  1228 | D:1      | Learned a level 3 spell: Confuse
  1782 | D:1      | Reached skill level 5 in Stealth
  2515 | D:2      | Reached skill level 1 in Ice Magic
  2831 | D:2      | Noticed Terence
  3076 | D:2      | Noticed Jessica
  3259 | D:2      | Reached XP level 4. HP: 21/21 MP: 3/9
  3311 | D:2      | Learned a level 3 spell: Tukima's Dance
  3459 | D:2      | Killed Jessica
  3886 | D:3      | Noticed Robin
  4353 | D:3      | Noticed Ijyb
  4358 | D:3      | Killed Ijyb
  4358 | D:3      | Reached XP level 5. HP: 24/24 MP: 8/11
  4685 | D:3      | Found a white marble altar of Elyvilon.
  4686 | D:3      | Found a snail-covered altar of Cheibriados.
  4688 | D:3      | Found a stormy altar of Qazlal.
  4690 | D:3      | Found an opulent altar of Gozag.
  4787 | D:3      | Found a basalt altar of Yredelemnul.
  4795 | D:3      | Became a worshipper of Gozag Ym Sagoz the Greedy
  5387 | D:4      | Reached skill level 5 in Hexes
  5625 | D:4      | Reached XP level 6. HP: 28/28 MP: 5/12
  5923 | D:4      | Reached skill level 6 in Stealth
  6511 | D:4      | Noticed Natasha
  7257 | D:4      | Reached XP level 7. HP: 32/32 MP: 7/14
  7392 | D:4      | Killed Natasha
  7445 | D:4      | Noticed Natasha
  7461 | D:4      | Killed Natasha
  7691 | D:4      | Noticed Natasha
  7697 | D:4      | Killed Natasha
  8087 | D:5      | Entered Level 5 of the Dungeon
  8087 | D:5      | Noticed Edmund
  8379 | D:5      | Reached skill level 1 in Fighting
  8462 | D:5      | Learned a level 3 spell: Dazzling Spray
  8590 | D:5      | Reached skill level 7 in Stealth
  8649 | D:5      | Reached skill level 5 in Spellcasting
  8679 | D:5      | Found an ancient bone altar of Kikubaaqudgha.
  8911 | D:5      | Reached XP level 8. HP: 37/37 MP: 16/16
  8960 | D:5      | Killed Edmund
  9011 | D:5      | Noticed Pikel
  9021 | D:5      | Killed Pikel
  9021 | D:5      | Reached skill level 8 in Stealth
  9479 | D:5      | Found a runed translucent door.
  9480 | D:5      | Noticed Crazy Yiuf
  9492 | D:5      | Killed Crazy Yiuf
 10013 | D:5      | Reached skill level 5 in Short Blades
 10013 | D:5      | Reached XP level 9. HP: 32/43 MP: 10/19
 10751 | D:6      | Reached skill level 9 in Stealth
 11200 | D:7      | Found a staircase to the Ecumenical Temple.
 11201 | D:7      | Noticed Menkaure
 11257 | D:7      | Killed Menkaure
 11282 | D:7      | Found a hazy altar of Hepliaklqana.
 11530 | D:7      | Found an ornate altar of the Wu Jian Council.
 11585 | D:7      | Noticed Harold
 11621 | D:7      | Killed Harold
 11757 | D:7      | Found a glowing golden altar of the Shining One.
 11882 | D:7      | Reached skill level 10 in Stealth
 12027 | D:8      | Reached skill level 5 in Dodging
 12027 | D:8      | Reached XP level 10. HP: 36/49 MP: 16/22
 12502 | Temple   | Entered the Ecumenical Temple
 12797 | D:8      | Found a transporter.
 12798 | D:8      | Noticed iamserjio's ghost (novice OpEE)
 12803 | D:8      | Noticed a moth of wrath
 12814 | D:8      | Found a transporter.
 12952 | D:8      | Reached skill level 10 in Hexes
 12984 | D:9      | Found a staircase to the Lair.
 12984 | D:9      | Noticed an elephant
 13753 | D:9      | Noticed a two-headed ogre
 13776 | D:9      | Killed a two-headed ogre
 14192 | D:9      | Killed an elephant
 14192 | D:9      | Reached skill level 11 in Stealth
 14872 | D:3      | Killed Robin
 14913 | D:3      | Found a stormy altar of Qazlal.
 14939 | D:3      | Found a white marble altar of Elyvilon.
 14940 | D:3      | Found a snail-covered altar of Cheibriados.
 14944 | D:3      | Found an opulent altar of Gozag.
 14945 | D:3      | Found a basalt altar of Yredelemnul.
 15635 | D:2      | Killed Terence
 15812 | D:10     | Entered Level 10 of the Dungeon
 15822 | D:10     | Reached skill level 5 in Fighting
 16367 | D:10     | Reached XP level 11. HP: 55/55 MP: 19/24
 16820 | D:10     | Found a staircase to the Orcish Mines.
 17253 | D:11     | Found a flagged portal.
 17275 | Bailey   | Entered a bailey
 17579 | Bailey   | Noticed an orc knight
 17685 | Bailey   | Killed an orc knight
 17685 | Bailey   | Reached skill level 12 in Stealth
 17759 | Bailey   | Noticed an orc knight
 17794 | Bailey   | Killed an orc knight
 17939 | Bailey   | Upgraded the game from 0.25-a0-100-g33052ceff8 to
                  | 0.25-a0-105-g2289b3b9f1
 18248 | Bailey   | Identified the +1 great sword of Ponty {freeze, rPois MR+}
 18455 | Bailey   | Noticed an orc warlord
 18508 | Bailey   | Killed an orc warlord
 18703 | Bailey   | Noticed an orc knight
 18750 | Bailey   | Killed an orc knight
 19184 | D:11     | Noticed Josephine
 19187 | D:11     | Killed Josephine
 20261 | D:11     | Found a radiant altar of Vehumet.
 20261 | D:11     | Noticed a white ugly thing
 20267 | D:11     | Killed a white ugly thing
 20267 | D:11     | Reached skill level 10 in Spellcasting
 20273 | D:11     | Reached XP level 12. HP: 61/61 MP: 20/27
 20398 | D:11     | Found a stormy altar of Qazlal.
 20524 | D:11     | Reached skill level 13 in Stealth
 20893 | D:9      | Identified 2 scrolls of acquirement
 20903 | D:9      | Reached XP level 13. HP: 65/65 MP: 28/28
 20906 | Lair:1   | Entered Level 1 of the Lair of Beasts
 21525 | Lair:1   | Reached skill level 10 in Dodging
 21871 | Lair:2   | Got a steaming wooden ring
 21873 | Lair:2   | Identified the ring of False Pretenses {rF+ MR+ Slay+2}
                  | (You found it on level 2 of the Lair of Beasts)
 21941 | Lair:2   | Found a staircase to the Snake Pit.
 22830 | Lair:3   | Noticed Nergalle
 23388 | Lair:3   | Learned a level 1 spell: Apportation
 23539 | Lair:3   | Killed Nergalle
 23539 | Lair:3   | Reached skill level 1 in Translocations
 23667 | Lair:4   | Found a staircase to the Shoals.
 23879 | Lair:4   | Reached skill level 14 in Stealth
 24667 | Lair:4   | Noticed Sonja
 24684 | Lair:4   | Killed Sonja
 26545 | Lair:5   | Reached skill level 5 in Translocations
 26549 | Lair:5   | Reached XP level 14. HP: 59/70 MP: 23/30
 26864 | Lair:5   | Got a faintly humming cloak
 26875 | Lair:5   | Identified the +2 cloak "Huuz Xyd" {rPois Dex-4 Stlth+}
                  | (You found it on level 5 of the Lair of Beasts)
 26893 | Lair:6   | Entered Level 6 of the Lair of Beasts
 27923 | Lair:6   | Reached skill level 15 in Stealth
 28649 | Lair:6   | Found a staircase to the Slime Pits.
 30542 | Lair:6   | Found a staircase to the Slime Pits.
 31372 | Lair:6   | Found a staircase to the Slime Pits.
 32218 | Lair:6   | Reached skill level 1 in Evocations
 32652 | Lair:6   | Slain by a spriggan rider

Levels and vault maps discovered:
D:1:      dpeg_arrival_shrine, layout_basic
D:2:      layout_loops_ring, corner_web_ring, uniq_jessica, uniq_terence
D:3:      layout_basic, grunt_temple_overflow_open, serial_rivers,
          chequers_serial_rivers_small_a, chequers_serial_rivers_micro_c,
          chequers_serial_rivers_large_a, chequers_serial_rivers_small_a,
          chequers_serial_rivers_micro_e, chequers_serial_rivers_micro_d,
          uniq_robin, uniq_ijyb
D:4:      minmay_thinvault, layout_basic, first_ration, uniq_natasha
D:5:      layout_cave_pools, old_standard_altar, grunt_decor_one_mirror,
          uniq_pikel, uniq_crazy_yiuf_cottage, uniq_edmund
D:6:      layout_basic, kennysheep_nondescript
D:7:      layout_basic, lemuel_coloured_pillars_altar, kennysheep_little_box,
          minmay_temple_entry_tees, basic_altar, serial_glass, glass_columns_b,
          glass_columns_a, glass_columns_a, glass_columns_b, feat_on_display,
          due_unseen_surprise, grunt_ogre_cave, uniq_harold, uniq_menkaure
D:8:      layout_rooms, gammafunk_ghost_berserking_beasts
D:9:      layout_cave_pods, david_lair_generic
D:10:     layout_roguey, erik_orc_2
D:11:     layout_basic, enter_bailey_6, basic_altar, kennysheep_small_circle,
          uniq_josephine
Temple:   jpeg_temple_clearing
Lair:1:   layout_roguey, grunt_megastairs_3
Lair:2:   cheibrodos_lair_river_kwai, layout_chaotic_city, dummy_snake_entry,
          lemuel_fruit_tree
Lair:3:   wander_river, layout_big_grid, serial_rivers,
          chequers_serial_rivers_marsh, chequers_serial_rivers_large_b,
          chequers_serial_rivers_room_a, chequers_serial_rivers_micro_c,
          serial_bayou_pond_d, st_stairs_11, cheibrodos_lair_lostbears,
          lemuel_fruit_fields, uniq_nergalle
Lair:4:   layout_loops_ring, minmay_shoals_entry_centaurs, beast_lair_carwin_7,
          uniq_sonja
Lair:5:   layout_cave_shapes
Lair:6:   minmay_lair_end_enchanted_forest, layout_regular_city,
          nicolae_slime_entry_slimehenge

Skill      XL: |  1  2  3  4  5  6  7  8  9 10 11 12 13 14 |
---------------+-------------------------------------------+-----
Spellcasting   | 3 4 5 6 7 8 10 11 12 | 12.2
Hexes          | 4 5 7 8 9 10 11 12 | 12.7
Stealth        | 5 6 7 8 10 11 12 13 14 15 | 15.6
Ice Magic      | 1 2 3 |  3.0
Short Blades   | 2 3 5 6 7 9 |  9.0
Fighting       | 1 2 4 5 6 7 |  7.5
Dodging        | 5 7 9 11 12 | 12.7
Shields        | 6 7 |  7.2
Translocations | 5 6 |  6.0
Evocations     | 1 |  1.1

Action                   |  1- 3 |  4- 6 |  7- 9 | 10-12 | 13-15 || total
-------------------------+-------+-------+-------+-------+-------++-------
Melee: Dagger            |   140 |   118 |   147 |   346 |     4 ||   755
       Quick blade       |       |       |       |       |   307 ||   307
Throw: Dart              |    24 |       |     1 |       |    11 ||    36
 Cast: Corona            |    37 |       |       |       |       ||    37
       Ensorcelled Hiber |    33 |    72 |    95 |   177 |   279 ||   656
       Confuse           |     2 |     3 |     7 |    20 |    15 ||    47
       Tukima's Dance    |       |       |     3 |    20 |     4 ||    27
       Apportation       |       |       |       |       |     4 ||     4
Evoke: Wand              |       |       |     3 |    18 |     2 ||    23
  Use: Scroll            |     2 |    13 |     3 |    11 |    11 ||    40
       Potion            |       |       |       |     1 |     1 ||     2
 Stab: Sleeping          |    22 |    56 |    59 |   128 |   167 ||   432
       Confused          |       |     1 |     6 |    14 |    13 ||    34
       Distracted        |       |       |     4 |     4 |     1 ||     9
  Eat: Ration            |     1 |     3 |     3 |     4 |     4 ||    15
Armor: Robe              |    23 |     6 |    13 |    14 |    20 ||    76
Dodge: Dodged            |   128 |    48 |    87 |   228 |   183 ||   674
Block: Buckler           |       |       |       |       |    78 ||    78
       Reflection        |       |       |       |       |     1 ||     1

Table legend:
 A = Non-vault XP
 B = Vault XP
 C = Vault XP percentage of total XP
 D = Non-vault monster count
 E = Vault monster count
 F = Vault count percentage of total count
                 A         B        C        D         E       F
            +---------+---------+-------+---------+---------+-------
      Total |   44555 |   25358 |  36.3 |     409 |     197 |  32.5
            +---------+---------+-------+---------+---------+-------
        D:1 |      68 |       0 |   0.0 |      31 |       0 |   0.0
        D:2 |      50 |      73 |  59.3 |      20 |       2 |   9.1
        D:3 |      37 |      69 |  65.1 |      12 |      13 |  52.0
        D:4 |     500 |     146 |  22.6 |      36 |      13 |  26.5
        D:5 |     843 |     806 |  48.9 |      32 |       3 |   8.6
        D:6 |    1046 |       0 |   0.0 |      27 |       0 |   0.0
        D:7 |     478 |    1284 |  72.9 |      12 |       3 |  20.0
        D:8 |    1663 |       0 |   0.0 |      31 |       0 |   0.0
        D:9 |    2035 |     956 |  32.0 |      25 |       4 |  13.8
       D:10 |    2823 |     670 |  19.2 |      23 |      18 |  43.9
       D:11 |    1838 |    2641 |  59.0 |      32 |       7 |  17.9
     Lair:1 |    3608 |     145 |   3.9 |      18 |       1 |   5.3
     Lair:2 |    2066 |    2437 |  54.1 |       6 |       5 |  45.5
     Lair:3 |    2017 |    1677 |  45.4 |      12 |       4 |  25.0
     Lair:4 |    2630 |    4024 |  60.5 |      14 |      16 |  53.3
     Lair:5 |    7218 |       0 |   0.0 |      26 |       0 |   0.0
     Lair:6 |   15635 |    5666 |  26.6 |      52 |      39 |  42.9
     Bailey |       0 |    4764 | 100.0 |       0 |      69 | 100.0
            +---------+---------+-------+---------+---------+-------
